 Dungeon Crawl Stone Soup version 0.28.0-47-ge53b351184 (webtiles) character file.

Game seed: 8372218143830247729

119126 CryoSword the Photosynthesist (level 16, -3/119 HPs)
             Began as a Demonspawn Monk on May 6, 2022.
             Was an Elder of Fedhas.
             Slain by a faun
             ... wielding a +0 spear
              (9 damage)
             ... on level 1 of the Shoals.
             The game lasted 01:42:27 (37370 turns).

CryoSword the Photosynthesist (Demonspawn Monk)    Turns: 37370, Time: 01:42:28

Health: -3/119     AC: 21    Str: 16    XL:     16   Next: 27%
Magic:  18/27      EV: 11    Int: 14    God:    Fedhas [****..]
Gold:   2049       SH:  6    Dex: 17    Spells: 1/21 levels left

rFire   + + .      SeeInvis +   a - +3 hand crossbow
rCold   + . .      Faith    +   j - +0 buckler
rNeg    . . .      Spirit   .   P - +4 scale mail {rF+}
rPois   .          Reflect  .   (helmet unavailable)
rElec   .          Harm     .   o - scarf {rC+ rF+}
rCorr   .          Rampage  .   f - +2 pair of gloves
Will    ++...                   N - +2 pair of boots {Stlth+}
Stlth   +++.......              n - amulet of faith {!P}
HPRegen 0.29/turn               d - ring of flight
MPRegen 0.20/turn               Q - ring of willpower

@: flying
A: antennae 3, spiny 3, sharp scales 2, demonic magic 1
a: Renounce Religion, Wall of Briars, Grow Ballistomycete, Overgrow


You were on level 1 of the Shoals.
You worshipped Fedhas.
Fedhas was greatly pleased with you.
You visited 6 branches of the dungeon, and saw 27 of its levels.
You visited the Abyss 1 time.
You also visited: Ossuary and Volcano.

You collected 3415 gold pieces.
You spent 1366 gold pieces at shops.

Inventory:

Hand Weapons
 a - a +3 hand crossbow (weapon)
   (You found it on level 3 of the Lair of Beasts)
 s - a +3 scimitar of flaming
   (You took it off an efreet on level 15 of the Dungeon)
 w - a +0 demon blade of draining
   (You found it on level 6 of the Lair of Beasts)
Missiles
 i - a throwing net
 v - 5 curare-tipped darts
 R - 130 bolts (quivered ammo)
Armour
 f - a +2 pair of gloves (worn)
   (You found it on level 11 of the Dungeon)
 h - a +0 tower shield
   (You took it off an orc warlord on level 1 of the Orcish Mines)
 j - a +0 buckler (worn)
   (You found it on level 3 of the Dungeon)
 o - a scarf of resistance (worn)
   (You found it on level 1 of the Lair of Beasts)
 A - a +4 plate armour of willpower
   (You bought it in a shop on level 2 of the Orcish Mines)
 N - a +2 pair of boots of stealth (worn)
   (You found it in a volcano)
 P - a +4 scale mail of fire resistance (worn)
   (You found it in a volcano)
Jewellery
 d - a ring of flight (left hand)
   (You found it on level 1 of the Dungeon)
 n - an amulet of faith (around neck) {!P}
   (You found it on level 3 of the Dungeon)
 y - the ring of Xiuxadugg {rElec Will- MP+9 AC+4 Dex+4}
   (You found it on level 5 of the Lair of Beasts)

   [ring of protection]

   AC:        It affects your AC (+4).
   Dex:       It affects your dexterity (+4).
   rElec:     It insulates you from electricity.
   MP:        It affects your magic capacity (+9).
   Will:      It decreases your willpower.
 L - a +4 ring of protection
   (You found it on level 14 of the Dungeon)
 Q - a ring of willpower (right hand)
   (You found it on level 3 of the Lair of Beasts)
Wands
 q - a wand of flame (30)
   (You found it on level 4 of the Dungeon)
 x - a wand of charming (3)
   (You found it on level 5 of the Dungeon)
 C - a wand of acid (6)
   (You found it on level 14 of the Dungeon)
Scrolls
 c - 5 scrolls of amnesia
 k - 10 scrolls of teleportation {@r4}
 l - a scroll of fog
 m - 3 scrolls of enchant armour
 p - 5 scrolls of vulnerability {!r}
 u - a scroll of fear
 D - 2 scrolls of magic mapping
 J - 2 scrolls of blinking
Potions
 b - 7 potions of berserk rage
 e - 4 potions of curing {@q1}
 g - 2 potions of brilliance
 t - a potion of flight {unknown}
 z - 3 potions of mutation {!q}
 B - a potion of invisibility
 E - 5 potions of magic
 F - 2 potions of resistance
 G - 2 potions of might
 H - 6 potions of lignification {!q}
 I - 4 potions of haste {@q3}
 K - 2 potions of attraction {!q}
 O - a potion of cancellation
 T - 9 potions of ambrosia
Miscellaneous
 S - a condenser vane
   (You found it on level 6 of the Lair of Beasts)


   Skills:
 - Level 8.9 Fighting
 - Level 13.3(13.4) Short Blades
 + Level 2.6(9.0) Long Blades
 - Level 11.3 Polearms
 - Level 5.2 Crossbows
 - Level 9.3 Armour
 - Level 4.0 Dodging
 - Level 7.1 Stealth
 - Level 7.0 Shields
 - Level 3.0 Spellcasting
 - Level 8.5 Hexes
 - Level 4.0 Ice Magic
 - Level 15.0 Invocations


You had one spell level left.
You knew the following spells:

 Your Spells              Type           Power      Damage    Failure   Level
a - Slow                  Hex            100%       N/A       2%          1
b - Ensorcelled Hibernat  Hex/Ice        38%        N/A       9%          2
c - Confusing Touch       Hex            25%        N/A       7%          3
d - Cause Fear            Hex            12%        N/A       24%         4
e - Enfeeble              Hex            12%        N/A       100%        7
D - Tukima's Dance        Hex            25%        N/A       7%          3

Your spell library contained the following spells:

 Spells                   Type           Power      Damage    Failure   Level
 Magic Dart               Conj           8%         1d3       61%         1
 Sandblast                Erth           4%         2d4       61%         1
 Shock                    Conj/Air       8%         1d3       61%         1
 Inner Flame              Hex/Fire       14%        N/A       38%         3
 Passwall                 Tmut/Erth      1%         N/A       75%         2
 Anguish                  Hex/Necr       7%         N/A       80%         4
 Leda's Liquefaction      Hex/Erth       7%         N/A       80%         4
 Gell's Gravitas          Tloc           2%         N/A       93%         3
 Lesser Beckoning         Tloc           2%         N/A       93%         3
 Stone Arrow              Conj/Erth      4%         3d7       93%         3
 Swiftness                Air            2%         N/A       93%         3
 Teleport Other           Tloc           2%         N/A       93%         3
 Vampiric Draining        Necr           2%         2d6       93%         3
 Hailstorm                Conj/Ice       7%         3d4       98%         4
 Ice Form                 Ice/Tmut       7%         N/A       98%         4
 Airstrike                Air            1%         N/A       100%        4
 Animate Armour           Summ/Erth      4%         N/A       100%        4
 Blade Hands              Tmut           1%         N/A       100%        5
 Lee's Rapid Deconstruct  Erth           1%         3d5*      100%        5
 Iron Shot                Conj/Erth      1%         9d1       100%        6
 Simulacrum               Ice/Necr       3%         N/A       100%        6
 Statue Form              Tmut/Erth      1%         N/A       100%        6
 Discord                  Hex            12%        N/A       100%        8


Dungeon Overview and Level Annotations

Branches:
Dungeon (15/15)            Temple (1/1) D:6            Lair (6/6) D:9
 Shoals (1/4) Lair:2       Spider (2/4) Lair:2        Slime (0/5) Lair:6
    Orc (2/2) D:12            Elf (0/3) Orc:2        Vaults (0/5) D:14
 Depths (0/4) D:15        Ossuary (visited)         Volcano (visited)

Altars:
Ashenzari
Cheibriados
Dithmenos
Elyvilon
Fedhas
Gozag
Hepliaklqana
Kikubaaqudgha
Makhleb
Nemelex Xobeh
Okawaru
Qazlal
Ru
Sif Muna
Trog
Uskayaw
Vehumet
Wu Jian
Xom
Yredelemnul
Zin
The Shining One
Beogh

Shops:
Orc:2 :*[(

Annotations:
D:8 exclusion: ice statue


Innate Abilities, Weirdness & Mutations

You have a pair of large antennae on your head. (SInv)
You are completely covered in sharp spines.
You are mostly covered in razor-sharp scales. (AC +2, Slay +2)
Spells you cast may paralyse adjacent enemies.


Message History

You miss the sea snake.
The faun shouts!
The sea snake bites you but does no damage.
A faun comes into view. It is wielding a +0 spear. x2
You miss the sea snake.
The sea snake bites you but does no damage.
The sea snake is struck by your spines. The sea snake bites you!
You are poisoned.
The sea snake poisons you!
Aim: a sea snake (lightly wounded, chance to affect: 34%)
You miscast Ensorcelled Hibernation.
You are very lightly contaminated with residual magic.
Nothing appears to happen.
The faun shouts! x2
You feel extremely sick. You block the sea snake's attack.
Aim: a sea snake (lightly wounded, chance to affect: 34%)
The sea snake looks drowsy...
Malevolent energies surge around you.
You feel extremely sick.
You are too injured to fight recklessly!
Unknown command.
The helpless sea snake fails to defend itself.
You slash the sea snake!
You feel extremely sick. The sea snake bites you.
You hit the sea snake.
You feel very sick. You block the sea snake's attack.
You slash the sea snake!
You feel very sick. The sea snake is struck by your spines.
The sea snake bites you but does no damage.
The faun hits you but does no damage. The sea snake is struck by your spines.
The sea snake bites you!
* * * LOW HITPOINT WARNING * * *
You are lethally poisoned!
The sea snake poisons you!
* * * LOW HITPOINT WARNING * * *
You feel extremely sick.
The faun unwields a +0 spear.
The faun wields a +0 hunting sling.
The faun shoots a sling bullet.
The sling bullet hits you!
* * * LOW HITPOINT WARNING * * *
You feel better. The faun hits you but does no damage.
The sea snake bites you but does no damage.
A briar patch grows up from the ground. x5; You block the faun's attack.
The sea snake is struck by your spines. The sea snake closely misses you.
The faun unwields a +0 hunting sling.
The faun wields a +0 spear.
The faun is struck by your briar patch's thorns.
The faun hits your briar patch with a +0 spear!
Your magical contamination has completely faded away.
You fly carefully through the plants.
The faun is struck by your briar patch's thorns.
The faun hits your briar patch with a +0 spear!
The sea snake bites you!
* * * LOW HITPOINT WARNING * * *
You are lethally poisoned!
The sea snake poisons you!
The faun is struck by your briar patch's thorns.
The faun hits your briar patch with a +0 spear!
Okay, then.
* * * LOW HITPOINT WARNING * * *
You feel extremely sick. The sea snake bites your briar patch!
You feel better.
The sea snake is struck by your briar patch's thorns.
The sea snake dies!
Fedhas appreciates your contribution to the ecosystem.
A ballistomycete grows from the ground.
You can no longer grow an oklob plant.
The faun barely misses you. Something hits your briar patch.
The faun hits your briar patch with a +0 spear!
The faun unwields a +0 spear.
The faun wields a +0 hunting sling.
The faun shoots a stone.
The stone hits you!
* * * LOW HITPOINT WARNING * * *
Okay, then.
A briar patch grows up from the ground. x8
The faun completely misses your briar patch.
a - a +3 hand crossbow (weapon)
Fire: 138 bolts
Aim: a faun, wielding a +0 hunting sling and quivering stones (73% to hit)
You shoot a bolt. Fedhas protects your plant from harm.
The bolt closely misses the faun.
The faun hits your briar patch with a +0 spear!
The faun is struck by your briar patch's thorns.
The faun hits your briar patch but does no damage.
Fire: 137 bolts
Aim: a faun, wielding a +0 hunting sling and quivering stones (ally target, 73% to hit)
You shoot a bolt. Fedhas protects your plant from harm.
The bolt hits the faun.
The faun unwields a +0 hunting sling.
The faun wields a +0 spear.
The faun hits your briar patch with a +0 spear!
The faun is struck by your briar patch's thorns.
The faun hits your briar patch with a +0 spear!!
Your briar patch is destroyed!
Your briar patch disappears in a puff of smoke!
Fire: 136 bolts
Aim: a faun, wielding a +0 spear and quivering stones (lightly wounded, ally target, 73% to hit)
You shoot a bolt. Fedhas protects your plant from harm.
The bolt closely misses the faun.
The faun hits you but does no damage.
The faun hits you from afar with a +0 spear.
* * * LOW HITPOINT WARNING * * *
The faun hits your briar patch with a +0 spear!
Fire: 135 bolts
Aim: a faun, wielding a +0 spear and quivering stones (lightly wounded, ally target, 73% to hit)
Okay, then.
You fly carefully through the plants.
The faun hits your briar patch with a +0 spear!!
Your briar patch is destroyed!
Your briar patch disappears in a puff of smoke!
A ballistomycete spore comes into view.
Fire: 135 bolts
Aim: a faun, wielding a +0 spear and quivering stones (lightly wounded, ally target, 73% to hit)
You shoot a bolt. Fedhas protects your plant from harm.
Fedhas protects your plant from harm.
The bolt closely misses the faun.
Fire: 134 bolts
Aim: a faun, wielding a +0 spear and quivering stones (lightly wounded, ally target, 73% to hit)
You shoot a bolt. The bolt hits the faun.
The faun hits you from afar with a +0 spear!
* * * LOW HITPOINT WARNING * * *
The faun hits you but does no damage.
The faun appears confused.
The explosion of spores engulfs the faun!!
Fedhas protects your plant from harm.
A ballistomycete spore comes into view.
Fire: 133 bolts
Aim: a faun, wielding a +0 spear and quivering stones (lightly wounded, ally target, 73% to hit)
You shoot a bolt. The bolt completely misses the faun.
The faun is struck by your briar patch's thorns.
The faun dies!
Fedhas appreciates your contribution to the ecosystem.
The faun hits you but does no damage. x2
The water elemental hits your ballistomycete spore.
The explosion of spores engulfs the water elemental!!
Fedhas protects your plant from harm. x2
Fire: 132 bolts
Aim: a faun, wielding a +0 spear and quivering stones (lightly wounded, ally target, 73% to hit)
You shoot a bolt. The bolt hits the faun!
The faun hits you but does no damage. You block the faun's attack.
Fire: 131 bolts
Aim: a faun, wielding a +0 spear and quivering stones (heavily wounded, ally target, 73% to hit)
You shoot a bolt. The bolt hits the faun.
The faun hits you from afar with a +0 spear!
You die...
Fedhas appreciates your contribution to the ecosystem.

≈≈..###..≈≈≈≈≈..
.....##..≈≈≈≈≈≈≈≈≈≈
.....#...≈≈≈≈≈≈≈≈≈. ..
.........≈≈≈≈≈≈≈≈.# .≈≈
..≈≈....≈≈≈≈≈≈.≈(.# ..≈≈≈.
..≈≈...≈≈≈≈≈≈≈....###..≈≈≈..
≈≈≈≈≈≈≈≈≈≈≈≈≈≈≈...##.....≈..
.≈≈≈≈≈≈≈≈≈≈≈≈≈≈≈..c.........
≈≈≈≈≈≈≈≈≈≈≈≈≈≈≈≈@PP...≈≈....
≈≈≈.≈≈≈≈≈≈≈≈≈≈≈†P.P..≈≈≈.≈≈.
..≈..≈≈≈≈≈≈≈≈≈≈cPPP...≈≈≈≈≈.
......≈≈≈≈≈≈≈≈≈.>(.)!P.≈≈≈..
..###.≈≈≈≈≈≈≈≈≈≈(###.E≈≈≈≈≈.
..###)...≈≈≈≈≈≈≈≈###.P≈≈≈≈..
.........≈≈≈≈≈≈≈..#.cP≈≈≈≈..
.(.#.....≈≈≈≈≈≈.......≈≈≈≈≈.
.....≈....≈≈≈≈≈.≈....≈≈≈≈≈≈≈


You could see 2 fauns, a water elemental and a friendly ballistomycete
(summoned).

Vanquished Creatures
  Agnes (D:15)
  2 ghost moths
  2 orc warlords (Orc:1)
  An emperor scorpion (Spider:2)
  3 entropy weavers
  Snorg (D:11)
  6 boulder beetles
  12 hydras
  A jorogumo (Spider:2)
  8 centaur warriors
  2 death scarabs
  A two-headed ogre (D:14)
  2 radroaches
  A death knight (D:12)
  3 orc high priests (Orc:2)
  4 tengu warriors
  Sonja (Lair:1)
  A shadow wraith (D:14)
  A sun moth (Spider:2)
  2 sea snakes (Shoals:1)
  2 pharaoh ants (Spider:1)
  4 orb spiders
  A steelbarb worm (Spider:1)
  A wizard (Volcano)
  4 orc knights
  2 deep elf pyromancers
  5 wolf spiders
  8 ugly things
  3 orc sorcerers (Orc:2)
  8 cyclopes
  A manticore (Shoals:1)
  4 salamanders (Volcano)
  2 merfolk sirens
  A salamander (shapeshifter) (D:14)
  4 black mambas
  A water nymph (Shoals:1)
  4 torpor snails
  3 molten gargoyles (Volcano)
  23 cane toads
  4 demonic crawlers (Spider:1)
  The ghost of NEEDEDCRAB the Insei, a novice GnTm of Okawaru (D:4)
  2 gargoyles
  A freezing wraith (D:12)
  An unseen horror (D:11)
  A tengu conjurer (D:11)
  7 komodo dragons
  A kobold demonologist (D:12)
  3 efreet
  5 trolls
  A queen bee (Lair:5)
  A queen bee (shapeshifter) (D:15)
  2 merfolk (Shoals:1)
  9 meliai
  A polar bear (Lair:3)
  4 tyrant leeches
  11 tarantellas
  A hornet (Lair:2)
  20 blink frogs
  11 slime creatures
  A snapping turtle (Shoals:1)
  8 dream sheep
  9 culicivoras
  A centaur simulacrum (D:15)
  A wraith (D:10)
  15 jumping spiders
  Sigmund (D:6)
  7 wyverns
  30 yaks
  3 vampires
  2 basilisks
  35 redbacks
  13 vampire mosquitoes
  Edmund (D:6)
  11 water moccasins
  2 swamp worms (Lair:3)
  2 hell hounds (Lair:5)
  29 orc warriors
  3 black bears
  A necrophage (D:4)
  5 ogres
  5 wolves (Lair:6)
  10 centaurs
  A kobold brigand (D:12)
  8 scorpions
  22 bullfrogs
  4 water moccasin zombies (Ossuary)
  A water moccasin skeleton (D:5)
  24 killer bees
  A howler monkey (D:5)
  7 wights
  7 centaur zombies
  A gnoll shaman (D:7)
  25 orc priests
  2 hounds (D:5)
  2 bullfrog skeletons
  4 iguanas
  20 orc wizards
  A hound skeleton (D:4)
  2 mummies (Ossuary)
  2 howler monkey zombies
  5 adders
  12 gnolls
  A shadow imp (D:7)
  2 white imps (D:7)
  4 ufetubi
  An adder skeleton (D:4)
  5 adder zombies (Ossuary)
  4 worms
  3 dart slugs
  70 orcs
  4 ball pythons
  11 endoplasms
  7 giant cockroaches
  4 gnoll zombies (Ossuary)
  5 goblins
  8 hobgoblins
  8 jackals
  11 kobolds
  A quokka (D:4)
  3 bats
  3 frilled lizards (D:1)
  A goblin zombie (D:5)
  3 hobgoblin zombies (Ossuary)
  6 kobold zombies (Ossuary)
  An orc zombie (Ossuary)
  7 rats
  A rat zombie (D:5)
  2 ballistomycete spores
745 creatures vanquished.

Vanquished Creatures (collateral kills)
  A stone giant (D:15)
  An entropy weaver (Spider:1)
  A tengu warrior (D:10)
  A sea snake (Shoals:1)
  An orc sorcerer (Orc:2)
  A faun (Shoals:1)
  A molten gargoyle (Volcano)
  A kobold demonologist (D:12)
  A tyrant leech (Lair:6)
  A tarantella (Spider:1)
  2 jumping spiders (Spider:1)
  3 yaks
  A redback (Spider:1)
  An acid dragon (D:12)
  A water moccasin (Lair:2)
  5 orc warriors
  A bullfrog (Lair:6)
  16 killer bees
  An orc priest (Orc:2)
  4 orc wizards (Orc:2)
  89 ballistomycete spores
134 creatures vanquished.

Vanquished Creatures (others)
  2 orcs (Orc:2)
  2 ballistomycete spores
  33 fungi
  119 plants
156 creatures vanquished.

Grand Total: 1035 creatures vanquished

Notes
Turn   | Place    | Note
-------+----------+-------------------------------------------
     0 | D:1      | CryoSword the Demonspawn Monk began the quest for the Orb.
     0 | D:1      | Reached XP level 1. HP: 18/18 MP: 1/1
   152 | D:1      | Found a faded altar of an unknown god.
   163 | D:1      | Gained mutation: You are partially covered in sharp spines.
                  | [demonic ancestry]
   163 | D:1      | Reached XP level 2. HP: 20/24 MP: 2/2
   815 | D:2      | Reached XP level 3. HP: 29/29 MP: 3/3
  1923 | D:3      | Gained mutation: You are mostly covered in sharp spines.
                  | [demonic ancestry]
  1923 | D:3      | Reached XP level 4. HP: 30/35 MP: 2/4
  2413 | D:3      | Found a snail-covered altar of Cheibriados.
  2414 | D:3      | Found a sacrificial altar of Ru.
  2754 | D:4      | Reached skill level 5 in Polearms
  2754 | D:4      | Reached XP level 5. HP: 41/41 MP: 5/5
  2767 | D:4      | Reached skill level 1 in Shields
  2834 | D:4      | Identified the +2 leather armour "Teeffani" {+Blink Dex+3}
  2850 | D:4      | Noticed a black bear
  3366 | D:4      | Killed a black bear
  3367 | D:4      | Gained mutation: You have a pair of small antennae on your
                  | head. [demonic ancestry]
  3367 | D:4      | Reached XP level 6. HP: 45/47 MP: 6/6
  3465 | D:4      | Found a radiant altar of Vehumet.
  3806 | D:4      | Found a shimmering blue altar of Sif Muna.
  3841 | D:4      | Noticed an orc warrior
  3849 | D:4      | Killed an orc warrior
  4010 | D:4      | Got Sif Muna's Guide on Excruciating Enchantment
  4018 | D:4      | Found a bloodstained altar of Trog.
  4067 | D:4      | Gained mutation: You are completely covered in sharp
                  | spines. [demonic ancestry]
  4067 | D:4      | Reached XP level 7. HP: 45/52 MP: 4/7
  4355 | D:4      | Found a runed translucent door.
  4390 | D:4      | Noticed NEEDEDCRAB's ghost (novice GnTm)
  4653 | D:4      | Killed NEEDEDCRAB's ghost
  4705 | D:5      | Entered Level 5 of the Dungeon
  4771 | D:5      | Gained mutation: You are partially covered in razor-sharp
                  | scales. (AC +1, Slay +1) [demonic ancestry]
  4771 | D:5      | Reached XP level 8. HP: 54/58 MP: 8/8
  4912 | D:5      | Found a sand-covered staircase.
  4925 | Ossuary  | Entered an ossuary
  5046 | Ossuary  | Reached skill level 5 in Shields
  5668 | D:6      | Noticed Edmund
  5693 | D:6      | Killed Edmund
  5837 | D:6      | Noticed Sigmund
  5850 | D:6      | Killed Sigmund
  5851 | D:6      | Reached XP level 9. HP: 56/63 MP: 7/9
  5997 | D:6      | Identified the +2 dagger of Dismemberment {protect, SInv}
  6034 | D:6      | Identified the +4 robe of Time Monsters {Str+3 Dex+4}
  6081 | D:6      | Found a staircase to the Ecumenical Temple.
  6091 | Temple   | Entered the Ecumenical Temple
  6150 | Temple   | Became a worshipper of Fedhas Madash
  6150 | Temple   | Reached * piety under Fedhas
  6150 | Temple   | Reached ** piety under Fedhas
  6366 | D:6      | Found a hide-covered altar of Uskayaw.
  6366 | D:6      | Found an iron altar of Okawaru.
  6423 | D:6      | Reached skill level 1 in Invocations
  7068 | D:7      | Reached skill level 2 in Invocations
  7262 | D:7      | Reached skill level 10 in Polearms
  7747 | D:7      | Reached skill level 3 in Invocations
  7759 | D:7      | Reached *** piety under Fedhas
  8412 | D:8      | Reached skill level 4 in Invocations
  8506 | D:8      | Noticed an ice statue
  8524 | D:8      | Found a sparkling altar of Nemelex Xobeh.
  8559 | D:8      | Found a shimmering altar of Xom.
  8817 | D:9      | Reached skill level 5 in Invocations
  8820 | D:9      | Gained mutation: Spells you cast may paralyse adjacent
                  | enemies. [demonic ancestry]
  8820 | D:9      | Reached XP level 10. HP: 57/72 MP: 6/14
  8890 | D:9      | Learned a level 1 spell: Slow
  8894 | D:9      | Learned a level 3 spell: Confusing Touch
  8899 | D:9      | Learned a level 4 spell: Cause Fear
  9003 | D:9      | Found a staircase to the Lair.
  9072 | D:9      | Reached skill level 6 in Invocations
  9351 | D:10     | Entered Level 10 of the Dungeon
  9363 | D:10     | Reached skill level 1 in Hexes
  9409 | D:10     | Reached skill level 1 in Spellcasting
  9753 | D:10     | Reached skill level 7 in Invocations
  9757 | D:10     | Noticed a tengu warrior
  9759 | D:10     | Noticed a tengu warrior
  9783 | D:10     | Reached skill level 5 in Fighting
  9791 | D:10     | Killed a tengu warrior
  9792 | D:10     | Reached skill level 8 in Invocations
 10539 | D:10     | Killed a tengu warrior
 10540 | D:10     | Reached skill level 1 in Short Blades
 10540 | D:10     | Reached XP level 11. HP: 80/80 MP: 11/17
 11276 | D:11     | Learned a level 2 spell: Ensorcelled Hibernation
 11302 | D:11     | Noticed a brown ugly thing
 11322 | D:11     | Killed a brown ugly thing
 11517 | D:11     | Noticed Snorg
 11534 | D:11     | Killed Snorg
 11535 | D:11     | Reached skill level 1 in Ice Magic
 11535 | D:11     | Reached skill level 9 in Invocations
 11637 | D:11     | Noticed a tengu warrior
 11656 | D:11     | Killed a tengu warrior
 12037 | D:11     | Identified a scroll of acquirement
 12037 | D:11     | Acquired 846 gold pieces
 12165 | Lair:1   | Entered Level 1 of the Lair of Beasts
 12211 | Lair:1   | Noticed a four-headed hydra
 12228 | Lair:1   | Killed a four-headed hydra
 12291 | Lair:1   | Reached skill level 5 in Hexes
 12533 | Lair:1   | Learned a level 3 spell: Tukima's Dance
 12575 | Lair:1   | Reached skill level 10 in Invocations
 12612 | Lair:1   | Noticed Sonja
 12629 | Lair:1   | Killed Sonja
 12977 | Lair:1   | Noticed a six-headed hydra
 13185 | Lair:1   | Killed a six-headed hydra
 13318 | Lair:2   | Noticed a seven-headed hydra
 13363 | Lair:2   | Gained mutation: You are mostly covered in razor-sharp
                  | scales. (AC +2, Slay +2) [demonic ancestry]
 13363 | Lair:2   | Reached XP level 12. HP: 81/89 MP: 17/20
 13398 | Lair:2   | Noticed a five-headed hydra
 13418 | Lair:2   | Killed a five-headed hydra
 13419 | Lair:2   | Reached skill level 5 in Stealth
 13419 | Lair:2   | Reached skill level 11 in Invocations
 13611 | Lair:2   | Killed a seven-headed hydra
 13695 | Lair:2   | Found a staircase to the Shoals.
 13996 | Lair:2   | Found a hole to the Spider Nest.
 14320 | Lair:3   | Reached skill level 5 in Short Blades
 14364 | Lair:3   | Noticed a five-headed hydra
 14368 | Lair:3   | Killed a five-headed hydra
 14888 | Lair:3   | You are sucked into a shaft and drop 3 floors!
 14888 | Lair:6   | Entered Level 6 of the Lair of Beasts
 14973 | Lair:6   | Noticed an eight-headed hydra
 14988 | Lair:6   | Reached **** piety under Fedhas
 15107 | Lair:5   | Identified the ring of Xiuxadugg {rElec Will- MP+9 AC+4
                  | Dex+4}
 15154 | Lair:5   | Found a dark tunnel.
 15165 | Volcano  | Entered a volcano
 15236 | Volcano  | Gained mutation: You have a pair of antennae on your head.
                  | [demonic ancestry]
 15236 | Volcano  | Reached XP level 13. HP: 59/96 MP: 21/21
 15706 | Volcano  | Reached skill level 10 in Short Blades
 15978 | Volcano  | Noticed an orb of fire
 15978 | Volcano  | Cast into level 2 of the Abyss (a wizard)
 16016 | Volcano  | Escaped the Abyss
 16300 | Volcano  | Noticed an orb of fire
 16653 | Lair:5   | Reached skill level 1 in Armour
 19245 | Lair:5   | Reached skill level 5 in Armour
 20131 | Lair:6   | Found a staircase to the Slime Pits.
 20717 | Lair:6   | Gained mutation: You have a pair of large antennae on your
                  | head. (SInv) [demonic ancestry]
 20717 | Lair:6   | Reached XP level 14. HP: 79/103 MP: 22/22
 20758 | Lair:6   | Reached ***** piety under Fedhas
 22395 | D:12     | Found a staircase to the Orcish Mines.
 22450 | D:12     | Reached skill level 1 in Crossbows
 22684 | D:12     | Reached skill level 12 in Invocations
 25296 | D:14     | Found a sparkling altar of Nemelex Xobeh.
 25366 | D:14     | Found a gate to the Vaults.
 25741 | D:15     | Entered Level 15 of the Dungeon
 26201 | D:15     | Noticed Agnes
 26673 | D:15     | Reached skill level 13 in Invocations
 27308 | D:15     | Found a staircase to the Depths.
 27308 | D:15     | Noticed a stone giant
 27315 | D:15     | Killed a stone giant
 27569 | D:15     | Reached XP level 15. HP: 101/110 MP: 24/24
 27654 | D:15     | Killed Agnes
 28004 | Orc:1    | Entered Level 1 of the Orcish Mines
 28015 | Orc:1    | Noticed an orc warlord
 28412 | Orc:1    | Killed an orc warlord
 28970 | Orc:2    | Entered Level 2 of the Orcish Mines
 29551 | Orc:2    | Noticed an orc warlord
 30069 | Orc:1    | Killed an orc warlord
 30223 | Orc:2    | Paralysed by an orc sorcerer for 3 turns
 31135 | Orc:2    | Found a staircase to the Elven Halls.
 31211 | Orc:2    | Found Beas's Antique Armour Emporium.
 31212 | Orc:2    | Found Docsa's Antique Weapon Emporium.
 31214 | Orc:2    | Found Casoonaf's General Store.
 31214 | Orc:2    | Found Plog's Book Shoppe.
 31230 | Orc:2    | Bought a potion of magic for 104 gold pieces
 31230 | Orc:2    | Bought a scroll of identify for 26 gold pieces
 31230 | Orc:2    | Bought a +5 rapier of flaming for 444 gold pieces
 31389 | Orc:2    | Bought a glowing plate armour for 624 gold pieces
 31389 | Orc:2    | Bought a glowing scale mail for 168 gold pieces
 31595 | Spider:1 | Entered Level 1 of the Spider Nest
 32120 | Spider:1 | Reached skill level 14 in Invocations
 32146 | Spider:1 | Identified the +3 quarterstaff of the Empty Page {spect,
                  | Stlth+}
 33737 | Spider:1 | You fall into a shaft and drop 1 floor!
 33746 | Spider:2 | Noticed an emperor scorpion
 34593 | Spider:2 | Killed an emperor scorpion
 35073 | Spider:2 | Reached skill level 5 in Crossbows
 35073 | Spider:2 | Reached XP level 16. HP: 61/118 MP: 22/27
 36273 | Spider:1 | Learned a level 7 spell: Enfeeble
 36391 | Shoals:1 | Entered Level 1 of the Shoals
 36412 | Shoals:1 | Reached skill level 15 in Invocations
 37159 | Shoals:1 | Reached skill level 1 in Long Blades
 37367 | Shoals:1 | HP: 5/119 [faun/+0 spear (11)]
 37370 | Shoals:1 | Slain by a faun

Illustrated notes

Levels and vault maps discovered:
D:1:      elethiomel_arrival_shortcut, layout_loops_cross,
          hellmonk_ecumenical_altar_blasted
D:2:      layout_loops_ring, nrook_mini_backslash
D:3:      layout_loops_ring, gammafunk_temple_overflow_pools
D:4:      layout_basic, nzn_overflow_gifts_of_might_and_magic,
          mainiacjoe_overflow_alcove_2, ebering_ghost_sewer_d
D:5:      wander_river, layout_basic, enter_ossuary_4
D:6:      layout_basic, gammafunk_temple_overflow_wave,
          minmay_temple_entry_nine_rooms, uniq_edmund, uniq_sigmund
D:7:      layout_basic, palyth_stone_intersect
D:8:      lemuel_ice_statue, layout_cave_pools, good_gods_temple_1,
          mainiacjoe_overflow_catwalk_spiral, roderic_lattice_a
D:9:      layout_rooms, david_lair_generic
D:10:     layout_cave_pools
D:11:     layout_loops_ring, uniq_snorg
D:12:     layout_cave_pools, minmay_orc_entry_temple_large
D:13:     layout_loops_ring
D:14:     layout_cross, david_vaults_4, wad_floor_pattern_1,
          nemelex_diamond_rough_becter
D:15:     grunt_enter_depths_snipers, layout_cave_pools, minivault_25,
          uniq_agnes
Temple:   cyrus_temple_forest
Lair:1:   layout_roguey, uniq_sonja
Lair:2:   layout_big_grid, minmay_shoals_entry_lonely_mermaid,
          nicolae_spider_entry_non_spiders, chequers_serial_rivers_micro_c,
          grunt_megastairs_4
Lair:3:   wad_woods_structure_01, layout_regular_city, worms_lemuel
Lair:4:   layout_long_grid
Lair:5:   layout_hall_layers, special_room [special_room_bee], enter_volcano_3
Lair:6:   minmay_lair_end_frog_pond, layout_cave_pods, slime_dummy
Shoals:1: layout_shoals
Spider:1: layout_cave_pods, einodemon_crawler_minivault
Spider:2: layout_spider_delve
Orc:1:    layout_caves
Orc:2:    st_orc_congregation, layout_diamond_mine

Skill      XL: |  1  2  3  4  5  6  7  8  9 10 11 12 13 14 15 16 |
---------------+-------------------------------------------------+-----
Polearms       | 3 4 5 6 7 9 10 11 | 11.3
Shields        | 2 3 4 5 6 7 |  7.0
Invocations    | 5 8 10 11 13 14 15 | 15.0
Stealth        | 3 4 5 6 7 |  7.1
Dodging        | 3 4 |  4.0
Fighting       | 4 5 6 7 8 |  8.9
Hexes          | 3 6 7 8 |  8.5
Spellcasting   | 2 3 |  3.0
Short Blades   | 1 3 9 11 12 13 | 13.3
Ice Magic      | 2 3 4 |  4.0
Armour         | 7 8 9 |  9.3
Crossbows      | 3 5 |  5.2
Long Blades    | 2 |  2.6

Action                   |  1- 3 |  4- 6 |  7- 9 | 10-12 | 13-15 | 16-18 || total
-------------------------+-------+-------+-------+-------+-------+-------++-------
Melee: Spear             |   101 |    18 |    99 |       |       |       ||   218
       Punch             |     6 |     1 |       |       |       |       ||     7
       Trident           |    27 |   116 |   233 |   406 |    44 |     2 ||   828
       Short sword       |       |       |       |   105 |   941 |       ||  1046
       Rapier            |       |       |       |       |   178 |    79 ||   257
       Demon blade       |       |       |       |       |       |    36 ||    36
 Fire: Hand crossbow     |       |       |       |       |       |     8 ||     8
Throw: Throwing net      |       |       |     1 |       |     1 |       ||     2
       Dart              |       |       |       |     2 |     4 |       ||     6
 Cast: Slow              |       |       |       |    16 |   127 |     9 ||   152
       Ensorcelled Hiber |       |       |       |    13 |    80 |    36 ||   129
       Confusing Touch   |       |       |       |       |     1 |       ||     1
Invok: Wall of Briars    |       |       |     2 |    22 |    36 |     7 ||    67
       Grow Ballistomyce |       |       |     1 |     5 |    14 |     1 ||    21
       Overgrow          |       |       |       |       |     4 |       ||     4
Evoke: Wand              |       |       |       |       |    11 |       ||    11
  Use: Scroll            |       |     4 |     2 |    16 |    10 |     2 ||    34
       Potion            |       |       |       |     2 |     8 |     6 ||    16
 Stab: Sleeping          |     3 |       |     4 |    28 |    47 |    13 ||    95
       Distracted        |       |     1 |     1 |     1 |     3 |     1 ||     7
       Paralysed         |       |       |       |    13 |    59 |    11 ||    83
       Confused          |       |       |       |     2 |    11 |       ||    13
       Held in net/web   |       |       |       |       |     1 |       ||     1
Armor: Robe              |     3 |       |    20 |    40 |       |       ||    63
       Scale mail        |    41 |    22 |    54 |       |   542 |    92 ||   751
       Troll leather arm |       |       |       |    84 |    11 |       ||    95
       Chain mail        |       |       |       |       |     5 |       ||     5
Dodge: Dodged            |    51 |    34 |    90 |   178 |   440 |    66 ||   859
Block: Buckler           |       |    13 |    59 |   104 |   300 |    60 ||   536
